 Dungeon Crawl Stone Soup version 0.31-a0-473-g61b50ae490 (webtiles) character file.

Game seed: 23300505634753456

106 Crownlay the Digger (level 4, -2/27 HPs)
             Began as an Octopode Earth Elementalist on Aug 6, 2023.
             Was a Follower of Okawaru.
             Slain by a goblin
             ... wielding a +0 club
             ... led by Robin
              (3 damage)
             ... on level 2 of the Dungeon.
             The game lasted 00:02:11 (1465 turns).

Crownlay the Digger (Octopode Earth Elementalist)   Turns: 1465, Time: 00:02:11

Health: -2/27      AC:  1    Str:  7    XL:     4   Next: 84%
Magic:  1/8        EV: 13    Int: 19    God:    Okawaru [*.....]
Gold:   74         SH:  0    Dex: 12    Spells: 5/9 levels left

rFire   . . .        g - +1 hand axe (elec)
rCold   . . .        (no shield)
rNeg    . . .        (helmet restricted)
rPois   .            (no amulet)
rElec   .            h - ring of willpower
rCorr   .            (no ring)
SInv    .            (no ring)
Will    +....        (no ring)
Stlth   +++          (no ring)
HPRegen 0.24/turn    (no ring)
MPRegen 0.11/turn    (no ring)
                     (no ring)

%: no passive effects
@: very slightly contaminated
A: almost no armour, amphibious, 8 rings, camouflage 1, gelatinous body 1,
(nimble swimmer 1), tentacles
a: Renounce Religion, Heroism


You were on level 2 of the Dungeon.
You worshipped Okawaru.
Okawaru was aware of your devotion.
You visited 1 branch of the dungeon, and saw 2 of its levels.

You collected 74 gold pieces.

Inventory:

Hand Weapons
 g - a +1 hand axe of electrocution (weapon)
Jewellery
 h - a ring of willpower (left tentacle)
Scrolls
 b - a scroll of identify {unknown}
 c - a scroll of vulnerability {unknown}
 e - a scroll of immolation {unknown}
 f - 2 scrolls of teleportation {unknown}
 i - a scroll of enchant armour {unknown}
Potions
 a - a potion of magic
 d - 3 potions of curing {unknown}
 j - a potion of degeneration {unknown}


   Skills:
 - Level 2.0 Dodging
 - Level 2.6 Stealth
 * Level 3.2 Spellcasting
 - Level 1.0 Transmutations
 * Level 4.1 Earth Magic
 + Level 1.3 Shapeshifting


You had 5 spell levels left.
You knew the following spells:

 Your Spells              Type           Power      Damage    Failure   Level
a - Sandblast             Erth           36%        2d10      2%          1
b - Stone Arrow           Conj/Erth      20%        3d8       19%         3

Your spell library contained the following spells:

 Spells                   Type           Power      Damage    Failure   Level
 Passwall                 Tmut/Erth      10%        N/A       8%          2
 Ensorcelled Hibernation  Hex/Ice        6%         N/A       22%         2
 Swiftness                Air            3%         N/A       41%         3
 Petrify                  Tmut/Erth      12%        N/A       45%         4


Dungeon Overview and Level Annotations

Branches:
Dungeon (2/15)

Altars:
Okawaru

Annotations:
D:2 Robin, Terence


Innate Abilities, Weirdness & Mutations

You cannot wear most types of armour.
You are amphibious.
You can wear up to eight rings at the same time.
Your skin changes colour to match your surroundings (Stealth+).
Your rubbery body absorbs attacks. (AC +1, EV +1)
((You are camouflaged when in or above water. (Stealth+)))
You have tentacles for arms and can constrict up to eight enemies at once.


Message History

Confirm with . or Enter, or press ? or * to list all spells.
Aiming: Stone Arrow (quite dangerous; 19% risk of failure)
Press: ? - help, Shift-Dir - straight line, f - Terence
Aim: Terence, wielding a +0 flail and wearing a +0 chain mail (77% to hit)
The stone arrow hits Terence!
Terence is heavily wounded.
Casting: Stone Arrow (quite dangerous; 19% risk of failure)
Confirm with . or Enter, or press ? or * to list all spells.
Aiming: Stone Arrow (quite dangerous; 19% risk of failure)
Press: ? - help, Shift-Dir - straight line, f/p - Terence
Aim: Terence, wielding a +0 flail and wearing a +0 chain mail (heavily wounded, 77% to hit)
You miscast Stone Arrow.
You are very lightly contaminated with residual magic.
You are blasted with sand.
Casting: Stone Arrow (quite dangerous; 19% risk of failure)
Confirm with . or Enter, or press ? or * to list all spells.
Aiming: Sandblast (safe; 2% risk of failure)
Press: ? - help, Shift-Dir - straight line, f/p - Terence
Aim: Terence, wielding a +0 flail and wearing a +0 chain mail (heavily wounded, 87% to hit)
The blast of sand hits Terence but does no damage.
Terence is heavily wounded.
Terence hits you with a +0 flail!
You barely miss Terence. Your grab misses Terence.
Terence is heavily wounded.
Terence barely misses you.
You barely miss Terence. You grab Terence. You squeeze Terence.
Terence is heavily wounded.
You constrict Terence, but do no damage.
Terence hits you with a +0 flail.
* * * LOW HITPOINT WARNING * * *
Robin of the Strong Arm comes into view.
They are wielding a +0 trident.
You hit Terence but do no damage.
Terence is heavily wounded.
You constrict Terence, but do no damage.
Terence closely misses you. Robin throws the goblin at you!
Terence hits you with a +0 flail.
* * * LOW HITPOINT WARNING * * *
A goblin comes into view. It is wielding a +0 dagger.
The goblin hits you with a +0 club.
You die...

#....# ##### #....#### #...#
####.......# #...## #....†.....#
#....# #..........# #....#
######..........# #....#
#...##..........##.g
#####....###...#####.........g.
###............g@@gggggg......>$.
#..........###...#####.g.........
#.##.......###......##....#......
#>.+.....~.~♣.##....##†...##.....
..##.....≈.~~≈~#....####### .....
.....~.~..~~♣~.#....# ### .....
..###≈~.~♣~~~♣.########... .....
.)##..~.≈~♣~≈.♣)).....(. ###
.)##...≈~..~~♣....###.###### #


You could see Terence, Robin and 7 goblins.

Vanquished Creatures
  Natasha (twice) (D:2)
  An adder (D:2)
  A worm (D:2)
  A dart slug (D:2)
  4 endoplasms
  2 giant cockroaches
  4 goblins
  5 hobgoblins
  A quokka (D:2)
  4 ball pythons (D:1)
  2 bats
  5 frilled lizards
  5 kobolds
  7 rats
  A spectral kobold (D:1)
45 creatures vanquished.

Notes
Turn   | Place    | Note
-------+----------+-------------------------------------------
     0 | D:1      | Crownlay the Octopode Earth Elementalist began the quest
                  | for the Orb.
     0 | D:1      | Reached XP level 1. HP: 11/11 MP: 3/3
    83 | D:1      | Found a faded altar of an unknown god.
   104 | D:1      | Prayed at the altar of an unknown god.
   104 | D:1      | Became a worshipper of Warmaster Okawaru
   104 | D:1      | Reached * piety under Okawaru
   162 | D:1      | Reached XP level 2. HP: 17/17 MP: 3/5
   906 | D:2      | Reached XP level 3. HP: 19/21 MP: 3/6
  1112 | D:2      | Reached skill level 1 in Shapeshifting
  1224 | D:2      | Learned a level 3 spell: Stone Arrow
  1233 | D:2      | Noticed Natasha
  1236 | D:2      | Killed Natasha
  1237 | D:2      | Reached XP level 4. HP: 19/27 MP: 5/8
  1332 | D:2      | Noticed Natasha
  1341 | D:2      | Killed Natasha
  1342 | D:2      | Reached skill level 4 in Earth Magic
  1446 | D:2      | Noticed Terence
  1464 | D:2      | Noticed Robin
  1465 | D:2      | HP: 1/27 [Terence/+0 flail (5)]
  1465 | D:2      | Slain by a goblin

Illustrated notes

Levels and vault maps discovered:
D:1:      doesnt_arrival_eight_statues, layout_loops_cross,
          dreamdust_ecumenical_altar_drowned_temple
D:2:      layout_basic, chequers_serial_rivers_marsh, minmay_split_cup_large,
          uniq_terence, uniq_natasha, uniq_robin

Skill      XL: |  1  2  3  4 |
---------------+-------------+-----
Shapeshifting  | 1 |  1.3
Spellcasting   | 3 |  3.2
Earth Magic    | 4 |  4.1
Dodging        | |  2.0
Stealth        | |  2.6
Transmutations | |  1.0

Action                     |  1- 3 |  4- 6 || total
---------------------------+-------+-------++-------
  Melee: Hand axe          |     9 |     3 ||    12
         Constrict         |     2 |     1 ||     3
         Tentacles         |       |     1 ||     1
   Cast: Sandblast         |    49 |     8 ||    57
         Stone Arrow       |       |     1 ||     1
   Stab: Sleeping          |     1 |       ||     1
 Armour: Skin              |     1 |       ||     1
  Dodge: Dodged            |     5 |     3 ||     8

Table legend: (Time is in decaauts)
 A = Elapsed time spent in this place.
 B = Non-inter-level travel time spent in this place.
 C = Inter-level travel time spent in this place.
 D = Time resting spent in this place.
 E = Time spent auto-exploring this place.
 F = Levels seen in this place.
 G = Mean time per level.
                   A        B        C        D        E       F      G
               +--------+--------+--------+--------+--------+-----+--------+
         Total |   1495 |   1477 |     18 |      0 |   1230 |   2 |  747.5 |
       Dungeon |   1495 |   1477 |     18 |      0 |   1230 |   2 |  747.5 |
               +--------+--------+--------+--------+--------+-----+--------+

Top non-repeatable levels by time:
     D:1: 913 daAuts
     D:2: 582 daAuts
